 Dungeon Crawl Stone Soup version 0.22-a0-877-g5c4e1af (webtiles) character file.

1057 mhoghedin the Skirmisher (level 8, -1/51 HPs)
             Began as a Kobold Berserker on July 28, 2018.
             Was a Priest of Trog.
             Killed from afar by an orc wizard (4 damage)
             ... with a puff of frost
             ... on level 5 of the Dungeon on July 29, 2018.
             The game lasted 00:15:08 (5559 turns).

mhoghedin the Skirmisher (Kobold Berserker)         Turns: 5559, Time: 00:15:09

Health: -1/51      AC: 11    Str: 18    XL:     8   Next: 51%
Magic:  10/10      EV: 15    Int:  9    God:    Trog [***...]
Gold:   262        SH:  0    Dex: 14    Spells: 7/7 levels left

rFire    . . .     SeeInvis .   a - +1 mace
rCold    . . .     Gourm    .   (shield restricted)
rNeg     . . .     Faith    .   j - +0 scale mail
rPois    .         Spirit   .   b - +0 helmet
rElec    .         Reflect  .   k - +0 cloak
rCorr    .         Harm     .   i - +1 pair of gloves
MR       .....                  (no boots)
Stlth    +.........             (no amulet)
HPRegen  0.17/turn              m - +2 ring of strength
MPRegen  0.12/turn              (no ring)

@: berserk cooldown
A: small, carnivore
a: Berserk, Trog's Hand, Renounce Religion


You were on level 5 of the Dungeon.
You worshipped Trog.
Trog was most pleased with you.
You were not hungry.

You visited 1 branch of the dungeon, and saw 5 of its levels.

You collected 262 gold pieces.

Inventory:

Hand Weapons
 a - a +1 mace (weapon)
 n - a +4 quarterstaff of chaos
   (You took it off Crazy Yiuf on level 4 of the Dungeon)
Armour
 b - a +0 helmet (worn)
   (You found it on level 4 of the Dungeon)
 i - a +1 pair of gloves (worn)
   (You found it on level 1 of the Dungeon)
 j - a +0 scale mail (worn)
   (You took it off an orc on level 3 of the Dungeon)
 k - a +0 cloak (worn)
   (You took it off Crazy Yiuf on level 4 of the Dungeon)
Jewellery
 m - a +2 ring of strength (left hand)
   (You found it on level 2 of the Dungeon)
Wands
 e - a wand of iceblast (11)
   (You found it on level 3 of the Dungeon)
Scrolls
 d - a scroll of fog
 f - 2 scrolls of teleportation
 g - 2 scrolls of remove curse
 h - 3 scrolls of identify
 o - 2 scrolls of amnesia
 q - a scroll of enchant weapon
Comestibles
 c - a ration


   Skills:
 + Level 5.7 Fighting
 + Level 4.6 Maces & Flails
 + Level 3.8 Armour
 + Level 5.6 Dodging
 - Level 3.5 Stealth
 + Level 3.1 Evocations


You had 7 spell levels left.
You didn't know any spells.
Your spell library was empty.

Dungeon Overview and Level Annotations

Branches:
Dungeon (5/15)             Temple (0/1) D:4

Altars:
Gozag
Okawaru
Qazlal
Xom
The Shining One

Shops:
D:4 =


Innate Abilities, Weirdness & Mutations

You are small and have problems with some larger weapons.
You are carnivorous and can eat meat at any time.


Message History

You start resting.
You feel sick. x8
An orc comes into view. It is wielding a dagger.
You take 9 damage, and have 21/51 hp.
An orc is nearby!
Unknown command.
An orc wizard comes into view. It is wielding a dagger.
The orc wizard moves out of view.
You feel sick.
You take 1 damage, and have 20/51 hp.
You feel sick.
You take 1 damage, and have 19/51 hp.
You feel sick.
You take 1 damage, and have 19/51 hp.
An orc and 2 orc wizards come into view.
You feel sick.
The orc wizard shouts!
The orc shouts!
The orc wizard shouts!
The orc wizard casts a spell at you. The puff of flame hits you!
The orc wizard moves out of view.
You take 1 damage, and have 18/51 hp.
The orc wizard casts a spell.
The orc wizard flickers and vanishes!
Deactivating autopickup; reactivate with Ctrl-A.
The orc closely misses you.
You feel much better.
You feel sick. The orc wizard casts a spell at you.
The puff of flame misses you. The orc barely misses you.
The orc wizard hits you but does no damage.
You regained 13 hp, and now have 32/51 hp.
You thump the orc wizard! The orc hits you but does no damage.
The orc wizard hits you but does no damage.
The orc completely misses you.
The orc wizard gestures at you while chanting.
The puff of frost hits you!
You closely miss the orc wizard.
You feel sick. The orc hits you but does no damage.
The orc wizard gestures at you while chanting.
The puff of frost hits you! The orc hits you but does no damage.
You take 8 damage, and have 24/51 hp.
You closely miss the orc wizard. The orc wizard casts a spell at you.
The puff of frost hits you! The orc misses you.
The orc wizard hits you but does no damage.
The orc hits you but does no damage.
You barely miss the orc wizard.
You feel sick.
You are no longer poisoned.
The orc wizard hits you with a dagger. The orc closely misses you.
The orc wizard misses you.
You take 2 damage, and have 22/51 hp.
You completely miss the orc wizard. The orc hits you but does no damage.
The orc wizard barely misses you. The orc misses you.
The orc wizard misses you.
You hit the orc wizard but do no damage.
The orc misses you. The orc wizard closely misses you.
The orc hits you with a dagger.
The orc wizard hits you but does no damage.
You take 1 damage, and have 22/51 hp.
You sock the orc wizard!
You kill the orc wizard!
Trog accepts your kill.
Trog appreciates your killing of a magic user.
The orc hits you but does no damage.
The orc wizard hits you but does no damage.
The orc hits you but does no damage.
You sock the orc wizard! The orc wizard hits you with a dagger.
The orc barely misses you. The orc wizard misses you.
The orc hits you but does no damage.
You take 1 damage, and have 21/51 hp.
You closely miss the orc wizard. The orc wizard completely misses you.
The orc barely misses you.
You closely miss the orc wizard.
The orc wizard gestures at you while chanting.
The magic dart hits you! The orc hits you with a dagger.
The orc wizard closely misses you. The orc closely misses you.
You take 3 damage, and have 18/51 hp.
You hit the orc wizard.
The orc wizard points at you and mumbles some strange words.
The magic dart hits you! The orc hits you but does no damage.
The orc wizard casts a spell at you. The puff of flame hits you!
* * * LOW HITPOINT WARNING * * *
The orc hits you with a dagger.
* * * LOW HITPOINT WARNING * * *
You take 5 damage, and have 13/51 hp.
You barely miss the orc wizard.
A jelly comes into view.
The orc wizard barely misses you. The orc barely misses you.
The orc wizard closely misses you.
The jelly moves out of view.
You closely miss the orc wizard. The orc misses you.
The orc wizard points at you and mumbles some strange words.
The puff of flame hits you!
* * * LOW HITPOINT WARNING * * *
The orc hits you but does no damage.
You take 11 damage, and have 3/51 hp.
MASSIVE DAMAGE!!
You aren't carrying any potions.
You hit the orc wizard but do no damage.
You feel yourself speed up. The orc wizard casts a spell at you.
The puff of frost hits you!
You die...

#.# #.#..# #. #.#
#.#..########## #. #.#
#)#<....^.....# #. #.#
#.#######.###.# #. #)# #.# #.#
#.### #. #.#
#####.#######.###.#.## #.
#.###.....).......#.<....#####.
#..#......#######.#...........
##>#..##### #.@o{o.......#####
#.#..# #o###.#.....## #.#..#
#.# #.......# #.#..# #.#
#.......# #.#..# #.# #####.###
#.#..#######.#######.#
#.#.....o............#
#.#...#####...#####..#
#...o.......#..# #..#


You could see an orc wizard and 2 orcs.

Vanquished Creatures
  A water moccasin (D:3)
  An ogre (D:4)
  A centaur (D:5)
  A howler monkey (D:5)
  2 bullfrog zombies (D:4)
  A crimson imp (D:5)
  3 centaur zombies (D:4)
  2 orc priests (D:3)
  Crazy Yiuf (D:4)
  2 jellies (D:2)
  A hound (D:4)
  2 orc wizards
  3 worker ants
  A hound skeleton (D:4)
  3 worker ant zombies (D:4)
  A howler monkey skeleton (D:4)
  3 gnolls (D:4)
  3 adders
  9 oozes (D:2)
  2 adder skeletons (D:4)
  2 adder zombies
  A worm (D:4)
  A leopard gecko (D:1)
  8 orcs
  4 giant cockroaches
  6 goblins
  5 hobgoblins
  A quokka (D:4)
  2 ball pythons (D:3)
  8 bats
  3 frilled lizards
  14 kobolds
  2 leopard gecko skeletons (D:4)
  A quokka zombie (D:4)
  6 rats
107 creatures vanquished.

Vanquished Creatures (others)
  5 fungi (D:2)
  10 toadstools (D:2)
15 creatures vanquished.

Grand Total: 122 creatures vanquished

Notes
Turn   | Place    | Note
-------+----------+-------------------------------------------
     0 | D:1      | mhoghedin the Kobold Berserker began the quest for the Orb.
     0 | D:1      | Reached XP level 1. HP: 14/14 MP: 1/1
   488 | D:1      | Reached XP level 2. HP: 19/19 MP: 2/2
  1207 | D:2      | Reached skill level 1 in Stealth
  1222 | D:2      | Reached XP level 3. HP: 23/23 MP: 3/3
  1314 | D:2      | Reached skill level 3 in Maces & Flails
  1317 | D:2      | Reached skill level 3 in Dodging
  1399 | D:2      | HP: 5/23 [kobold/short sword (4)]
  1575 | D:2      | Upgraded the game from 0.22-a0-866-geee5034 to 0.22-a0-877-g5c4e1af
  1580 | D:2      | Reached skill level 2 in Armour
  2103 | D:2      | Found an opulent altar of Gozag.
  2108 | D:2      | Found a shimmering altar of Xom.
  2111 | D:2      | Found an iron altar of Okawaru.
  2152 | D:2      | Reached XP level 4. HP: 29/29 MP: 4/4
  2298 | D:2      | Reached skill level 2 in Stealth
  2466 | D:2      | Reached ** piety under Trog
  2466 | D:2      | Reached XP level 5. HP: 32/33 MP: 5/5
  2488 | D:2      | Reached skill level 4 in Fighting
  2637 | D:3      | Reached skill level 3 in Stealth
  2637 | D:3      | Reached XP level 6. HP: 38/38 MP: 6/6
  2814 | D:3      | Reached skill level 4 in Dodging
  3338 | D:3      | Noticed a water moccasin
  3354 | D:3      | HP: 14/58 [poisoned by a water moccasin]
  3355 | D:3      | HP: 6/39 [poisoned by a water moccasin]
  3371 | D:3      | Killed a water moccasin
  3371 | D:3      | Reached XP level 7. HP: 11/44 MP: 7/7
  3371 | D:3      | HP: 11/44 [poisoned by a water moccasin]
  3377 | D:3      | HP: 11/44 [poisoned by a water moccasin]
  3402 | D:3      | HP: 11/44 [poisoned by a water moccasin]
  3694 | D:3      | Found a glowing golden altar of the Shining One.
  3694 | D:3      | Found a stormy altar of Qazlal.
  3893 | D:4      | Reached skill level 3 in Armour
  3901 | D:4      | Reached skill level 4 in Maces & Flails
  4225 | D:4      | Reached skill level 1 in Evocations
  4358 | D:4      | Reached skill level 5 in Fighting
  4550 | D:4      | Found a staircase to the Ecumenical Temple.
  4586 | D:4      | Reached *** piety under Trog
  4629 | D:4      | Reached skill level 5 in Dodging
  4629 | D:4      | Reached skill level 2 in Evocations
  4631 | D:4      | Reached XP level 8. HP: 49/49 MP: 9/9
  4767 | D:4      | Found a runed door.
  4812 | D:4      | Found Juaxug's Jewellery Shoppe.
  4976 | D:4      | Noticed Crazy Yiuf
  4984 | D:4      | Killed Crazy Yiuf
  5261 | D:5      | Entered Level 5 of the Dungeon
  5498 | D:5      | Reached skill level 3 in Evocations
  5558 | D:5      | HP: 3/51 [orc wizard/puff of flame (11)]
  5559 | D:5      | Killed from afar by an orc wizard

Vault maps used:
D:1:      tarquinn_simple_flora_water_f, serial_glass, glass_columns_a,
          glass_columns_b
D:2:      cheibrodos_fertilizer, minmay_overflow_temple_star_quad
D:3:      gammafunk_temple_overflow_wave
D:4:      temple_green, serial_shops, kennysheep_mini_moat, serial_undead,
          serial_undead_d, serial_undead_b, serial_undead_a, serial_undead_b,
          serial_undead_f, serial_undead_a, serial_undead_b, serial_undead_a,
          serial_undead_c, serial_undead_c, kennysheep_generic_room_2,
          uniq_crazy_yiuf_cottage
D:5:      first_ration, goddamned_bats, uniq_sigmund

Skill      XL: |  1  2  3  4  5  6  7  8 |
---------------+-------------------------+-----
Stealth        | 1 2 3 |  3.5
Maces & Flails | 3 4 |  4.6
Dodging        | 3 4 5 |  5.6
Armour         | 2 3 |  3.8
Fighting       | 4 5 |  5.7
Evocations     | 2 3 |  3.1

Action                   |  1- 3 |  4- 6 |  7- 9 || total
-------------------------+-------+-------+-------++-------
Melee: Mace              |    94 |   122 |   206 ||   422
Invok: Berserk           |     8 |     5 |     7 ||    20
       Trog's Hand       |       |     1 |     2 ||     3
Evoke: Wand              |       |     6 |       ||     6
  Use: Scroll            |       |    10 |     3 ||    13
       Potion            |       |     7 |     1 ||     8
 Stab: Sleeping          |     1 |     3 |     1 ||     5
       Distracted        |     1 |       |       ||     1
       Paralysed         |       |     4 |       ||     4
  Eat: Chunk             |     9 |    11 |     9 ||    29
       Ration            |       |     2 |     1 ||     3
Armor: Animal skin       |    17 |    13 |    12 ||    42
       Scale mail        |       |       |    70 ||    70
Dodge: Dodged            |    81 |   122 |   177 ||   380

Table legend:
 A = Spawn XP
 B = Non-spawn XP
 C = Spawn XP percentage of total XP
 D = Spawn monster count
 E = Non-spawn monster count
 F = Spawn count percentage of total count
 G = Total turns spent on level
                    A         B        C        D         E        F      G
               +---------+---------+-------+---------+---------+-------+---------
         Total |       0 |    1510 |   0.0 |       0 |     107 |   0.0 |  5559
               +---------+---------+-------+---------+---------+-------+---------
           D:1 |       0 |      20 |   0.0 |       0 |      13 |   0.0 |  1143
           D:2 |       0 |     207 |   0.0 |       0 |      33 |   0.0 |  1426
           D:3 |       0 |     331 |   0.0 |       0 |      26 |   0.0 |  1621
           D:4 |       0 |     622 |   0.0 |       0 |      27 |   0.0 |  1135
           D:5 |       0 |     330 |   0.0 |       0 |       8 |   0.0 |   234
               +---------+---------+-------+---------+---------+-------+---------

Vault maps used:
D:1:      tarquinn_simple_flora_water_f, serial_glass, glass_columns_a,
          glass_columns_b
D:2:      cheibrodos_fertilizer, minmay_overflow_temple_star_quad
D:3:      gammafunk_temple_overflow_wave
D:4:      temple_green, serial_shops, kennysheep_mini_moat, serial_undead,
          serial_undead_d, serial_undead_b, serial_undead_a, serial_undead_b,
          serial_undead_f, serial_undead_a, serial_undead_b, serial_undead_a,
          serial_undead_c, serial_undead_c, kennysheep_generic_room_2,
          uniq_crazy_yiuf_cottage
D:5:      first_ration, goddamned_bats, uniq_sigmund

Table legend:
 A = Turns spent in this place as a percentage of turns spent in the entire game.
 B = Non-inter-level travel turns spent in this place as a percentage of non-inter-level travel turns spent in the entire game.
 C = Inter-level travel turns spent in this place as a percentage of turns spent in this place.
 D = Turns resting spent in this place as a percentage of non-inter-level travel turns spent in this place.
 E = Turns spent auto-exploring this place as a percentage of non-inter-level travel turns spent in this place.
 F = Non-inter-level travel turns spent in this place divided by the number of levels of this place that you've seen.
                   A       B       C       D       E      F
               +-------+-------+-------+-------+-------+----------------------
         Total | 100.0 | 100.0 |   3.5 |  35.6 |  43.5 | 1073.4
       Dungeon | 100.0 | 100.0 |   3.5 |  35.6 |  43.5 | 1073.4
               +-------+-------+-------+-------+-------+----------------------

Table legend:
 A = Kills in this place as a percentage of kills in entire the game.
 B = Kills by you in this place as a percentage of kills by you in the entire game.
 C = Kills by friends in this place as a percentage of kills by friends in the entire game.
 D = Other kills in this place as a percentage of other kills in the entire game.
 E = Experience gained in this place as a percentage of experience gained in the entire game.
 F = Experience gained in this place divided by the number of levels of this place that you have seen.
                   A       B       C       D       E      F
               +-------+-------+-------+-------+-------+----------------------
         Total | 100.0 | 100.0 |   N/A |   N/A | 100.0 | 302.0
       Dungeon | 100.0 | 100.0 |   N/A |   N/A | 100.0 | 302.0
               +-------+-------+-------+-------+-------+----------------------
